Map: Восточный дозор РВ

Players

Murena

  • Race: Terran Terran
  • Spawn Location: 7:00

ИИ 1 (новичок) - Winner!

  • Race: Zerg Zerg
  • Spawn Location: 1:00

VOD

Have the link to the VOD?

Description

Time

  • Played on: March 25, 2019, 3:29 a.m.
  • Length: 3:50
Show
View Real Time Build Order
Export as new Build Order

Murena Terran 

Build Orders:  

Get SALT Encoding   

  12  0:00  SCV  
  13  0:13  SCV  
  14  0:19  Supply Depot  
  14  0:25  SCV  
  15  0:41  SCV  
  16  0:43  Barracks  
  16  0:52  Barracks  
  16  0:54  SCV  
  17  1:03  Supply Depot  
  17  1:07  SCV  
  18  1:20  SCV  
  18  1:24  Refinery  
  19  1:29  Marine  
  20  1:36  Barracks  
  20  1:41  Orbital Command  
  20  1:44  Marine  
  21  1:49  Marine  
  22  2:02  Supply Depot, Marine  
  22  2:07  SCV  
  24  2:08  Marine  
  25  2:19  SCV  
  25  2:21  Marine  
  27  2:22  Bunker  
  27  2:24  Barracks Reactor  
  27  2:28  Refinery  
  27  2:31  Marine  
  27  2:34  SCV  
  29  2:39  Marine  
  30  2:46  SCV  
  30  2:49  Barracks Reactor  
  31  2:57  Marine  
  31  2:58  Supply Depot  
  32  3:00  SCV  
  32  3:01  Marine x2  
  35  3:13  SCV  
  35  3:16  Barracks Tech Lab  
  35  3:19  Marine x2  
  37  3:25  Marine x2  
  37  3:26  SCV  
Show
View Real Time Build Order
Export as new Build Order

ИИ 1 (новичок) Zerg - Winner!

Build Orders: Pool Only 

Get SALT Encoding   

  12  0:21  Spawning Pool  
  11  1:08  Zergling x2  
  11  1:09  Zergling x4  
  14  2:49  Overlord  
  14  2:51  Extractor  
  13  2:52  Extractor, Queen  
  14  3:07  Drone  
  14  3:08  Overlord  
  15  3:14  Drone  
  16  3:21  Drone  
  17  3:28  Drone  
Tags
 
Add a new tag
Caveats
  • Supply blocks, unpowered buildings, or Contaminate may cause inaccurate times.
  • Supply counts are checked every 10 seconds.